cohdb
Replays
Latest Replays
All Replays
Popular Replays
Top Player Replays
Match Explorer
How It Works
Community
CoH3 Stats
Reddit
Sign in to upload your games and track your stats! →
Sign in with Steam
Match 39009131
Unlisted
Match 39009131
Overview
Messages
Build Orders
End
Construct Barracks
Riflemen Squad
1⁄4-ton 4x4 Truck
Selects Armored Battlegroup
Selects Veteran Crews
M1 Mortar Team
Riflemen Squad
Grenade Package
Riflemen Squad
Riflemen Squad
Mechanized Support Center
Construct Medical Station
M1918 Browning Automatic Rifles
Construct Weapon Support Center
M3 75 mm Gun Motor Carriage
Selects Fast Deploy
Designate Forward Repair Station
Engineer Squad
Construct Tank Depot
Selects M31 Recovery Vehicle
Selects War Machine
Riflemen Squad
Selects Seek and Destroy
Selects UNKNOWN (2160077)
M4A3E8 Sherman Easy Eight
Riflemen Squad
M4A3E8 Sherman Easy Eight
M18 Hellcat Tank Destroyer
Rapid Repairs
Designate Forward Repair Station
Bruistablet
SLOVAK ARMY / 5th PSU /
CommissarJuriSprite
Bobex
0
0
Comments
sign in to comment!
No comments posted yet!